Cogmind - Beta 14 @@@ ROGUE MODE // 2024.11.20 @ 19:15:55 Player: Shimmyarah Result: Destroyed by Autobeam Turret with Autobeam Performance ------------- Evolutions (0) 0 Regions Visited (2) 400 Robots Destroyed (21) 105 Value Destroyed (547) 547 Prototype IDs (11) 220 Alien Tech Used (0) 0 Bonus (0) 0 TOTAL SCORE: 1272 Bonus ------- None Cogmind --------- Core Integrity 0/250 Matter 220/300 Energy 249/250 System Corruption 0% Temperature Cool (6) Movement Rolling (95) Ox1 Location -10/Subcaves Parts ------- > --- POWER (1) -------- Ion Engine > --- PROPULSION (2) --- Spiked Treads Wheel > --- UTILITY (2) ------ Small Storage Unit Seismic Detector > --- WEAPON (2) ------- Subdweller Machine Gun Mining Laser > --- INVENTORY (8) ---- Meta Core Wheel Subdweller Machine Gun Subdweller Machine Gun Battle Cannon Dirty Datajack (20) Peak State ------------ > --- POWER ------------ Subdweller Power Source > --- PROPULSION ------- Light Treads Spiked Treads > --- UTILITY ---------- Small Storage Unit Subdweller Optics > --- WEAPON ----------- Subdweller Laser Barrage Gun > --- INVENTORY -------- Ion Engine Wheel Wheel Subdweller Monowheel Seismic Detector Battle Cannon Dirty Datajack Mining Laser [Rating: 14] Favorites ----------- Power Subdweller Power Source Engine Subdweller Power Source Propulsion Light Treads Treads Light Treads Leg Aluminum Leg Wheel Subdweller Monowheel Utility Small Storage Unit Device Seismic Detector Storage Small Storage Unit Weapon Subdweller Machine Gun Energy Gun Subdweller Laser Ballistic Gun Subdweller Machine Gun Ballistic Cannon Battle Cannon Special Weapon Mining Laser Build | -11 -10 -10 ------- Run | Yrd Mat Sub Slots Evolved . | . . . Power . | . . . Propulsion . | . . . Utility . | . . . Weapon . | . . . Parts Attached 38 | 1 1 36 Power 2 | . . 2 Engine 2 | . . 2 Core . | . . . Reactor . | . . . Propulsion 6 | . . 6 Treads 4 | . . 4 Leg . | . . . Wheel 2 | . . 2 Hover . | . . . Flight . | . . . Utility 7 | 1 . 6 Device 7 | 1 . 6 Storage . | . . . Processor . | . . . Hackware . | . . . Protection . | . . . Artifact . | . . . Weapon 23 | . 1 22 Energy Gun 3 | . . 3 Energy Cannon . | . . . Ballistic Gun 12 | . 1 11 Ballistic Cannon 1 | . . 1 Launcher . | . . . Special Weapon 7 | . . 7 Impact Weapon . | . . . Slashing Weapon . | . . . Piercing Weapon . | . . . Special Melee Weapon . | . . . Unidentified Prototypes . | . . . Parts Lost 5 | . . 5 Power 1 | . . 1 Propulsion 2 | . . 2 Utility . | . . . Weapon 2 | . . 2 Highest Loss Streak 4 | . . 4 To Critical Strikes . | . . . Average Slot Usage (%) 93 | . 100 92 Engine 13 | . 14 13 Treads 18 | . . 20 Leg 3 | . 28 1 Wheel 1 | . . 1 Device 12 | . 14 12 Storage 14 | . 14 14 Energy Gun 5 | . . 5 Ballistic Gun 19 | . 28 18 Special Weapon 3 | . . 3 Peak Build Rating 14 | 8 8 14 Average Rating 10 | 6 8 11 On Entrance 7 | 6 8 8 Naked Turns . | . . . Heaviest Build 20 | 12 12 20 Greatest Support 40 | 20 20 40 Greatest Overweight (x) 1 | . . 1 Average Overweight (x) . | . . . Largest Inventory Capacity 8 | 8 8 8 Average Capacity 8 | 8 8 8 Most Carried 8 | 8 8 8 Average Carried 7 | 6 8 7 Final Capacity 8 | 8 8 8 Final Carried 8 | 8 8 6 Class Distribution -------------------- 87% | Mutant 12% | Scavenger-Mutant Dominant Class ---------------- Mutant | -10/Materials Mutant | -10/Subcaves Resources | -11 -10 -10 ----------- Run | Yrd Mat Sub Matter Collected 785 | 255 12 518 Remotely . | . . . Salvage Created 629 | 126 12 491 Parts 50 | 12 . 38 Haulers Intercepted . | . . . Recyclers Shooed . | . . . Parts Field Recycled . | . . . Retrieved Matter . | . . . Parts Self-Destructed 15 | . . 15 Prevented . | . . . Kills | -11 -10 -10 ------- Run | Yrd Mat Sub Combat Hostiles Destroyed 15 | . . 15 Guns 15 | . . 15 Classes Destroyed 7 | 2 1 4 Tunneler 3 | 3 . . Recycler 1 | 1 . . Turret 1 | . . 1 Watcher 1 | . 1 . Swarmer 4 | . . 4 Grunt 1 | . . 1 Subdweller 10 | . . 10 Best Kill Streak 4 | 2 1 4 Combat Bots Only 4 | . . 4 Max Kills in Single Turn 1 | 1 1 1 Gunslinging . | . . . Exploded . | . . . Melee . | . . . Uniques/NPCs Destroyed . | . . . Combat | -11 -10 -10 -------- Run | Yrd Mat Sub Hostile Shots Fired 99 | . . 99 Missed 25 | . . 25 Damage Taken 1321 | . . 1321 Core 253 | . . 253 Absorbed by Shields . | . . . Core Remaining (%) 100 | 100 . . Volleys Fired 120 | 15 1 104 Largest 2 | 2 2 2 Hottest 130 | 60 40 130 Shots Fired 200 | 30 2 168 Gun 159 | 30 2 127 Cannon 2 | . . 2 Launcher . | . . . Special 39 | . . 39 Kinetic 119 | 15 2 102 Thermal 81 | 15 . 66 Explosive . | . . . Electromagnetic . | . . . Robot Hit Streak 19 | 5 2 19 Robot Miss Streak 3 | 3 . 2 Penetration Max . | . . . Secondary Targets 1 | . . 1 Max Gunslinging Chain 1 | . . 1 Shots Hit Robots 97 | 15 1 81 Core Hits 33 | 5 1 27 Critical Kills . | . . . Critical Parts Destroyed 1 | . . 1 Critical Strikes 2 | . . 2 Destroy 2 | . . 2 Melee Attacks . | . . . Impact . | . . . Slashing . | . . . Piercing . | . . . Sneak Attacks . | . . . Combat Hostiles . | . . . Follow-up Attacks . | . . . Damage Inflicted 1648 | 175 14 1459 Guns 1631 | 175 14 1442 Cannons 17 | . . 17 Explosions . | . . . Melee . | . . . Ramming . | . . . Kinetic 1280 | 96 14 1170 Thermal 368 | 79 . 289 Explosive . | . . . Electromagnetic . | . . . Impact . | . . . Slashing . | . . . Piercing . | . . . Highest Corruption . | . . . Average Corruption . | . . . Corruption Purged . | . . . Corruption Blocked . | . . . Overload Shots . | . . . Overflow Damage . | . . . Projectiles . | . . . Explosions . | . . . Melee . | . . . Knockbacks . | . . . Impact . | . . . Kinetic . | . . . Secondary . | . . . Self-Inflicted Damage . | . . . Shots . | . . . Rammed . | . . . Targets Rammed . | . . . Kicked . | . . . Crushed . | . . . Highest Temperature 18 | . . 18 Average Temperature 9 | . . 9 Received Heat Transfer 225 | . . 225 Siege Activations . | . . . Robots Corrupted . | . . . Combat Hostiles . | . . . Parts Fried . | . . . Impact Corruptions . | . . . Robots Melted . | . . . Combat Hostiles . | . . . Parts Melted 1 | . . 1 Heat Transferred 600 | 175 . 425 Parts Sabotaged . | . . . Parts Stolen . | . . . Parts Stripped . | . . . Power Chain Reactions . | . . . Alert | -11 -10 -10 ------- Run | Yrd Mat Sub Peak Influence 35 | 20 35 . Initial 13 | . 13 . Average 25 | 9 30 . Maximum Alert Level . | . . . Low Security (%) 100 | 100 100 . Level 1 . | . . . Level 2 . | . . . Level 3 . | . . . Level 4 . | . . . Level 5 . | . . . High Security . | . . . Max Security . | . . . Squads Dispatched . | . . . Investigation . | . . . Extermination . | . . . Reinforcement . | . . . Assault . | . . . Garrison . | . . . Intercept . | . . . Searches Triggered . | . . . Construction Impeded . | . . . Haulers Reinforced . | . . . Active Scanning Responses . | . . . Cargo Convoy Interrupts . | . . . Stealth | -11 -10 -10 --------- Run | Yrd Mat Sub Distress Signals . | . . . Communications Jammed . | . . . Distress Signals . | . . . Times Spotted 24 | . 1 23 Peak Tracking Total 4 | . 1 4 Tactical Retreats 4 | . . 4 Traps | -11 -10 -10 ------- Run | Yrd Mat Sub Traps Triggered 3 | . . 3 Indirectly . | . . . Trap Hack Attempts . | . . . Triggered . | . . . Disarmed . | . . . Reprogrammed . | . . . Reused . | . . . Traps Extracted . | . . . Installed . | . . . Triggered 1 | . . 1 Machines | -11 -10 -10 ---------- Run | Yrd Mat Sub Machines Disabled 1 | . . 1 Max in Single Turn 1 | . . 1 Machines Repaired . | . . . Machines Dismantled . | . . . Machines Sabotaged . | . . . Overloaded Fab Kills . | . . . Hacking | -11 -10 -10 --------- Run | Yrd Mat Sub Machines Accessed 1 | . . 1 Terminals . | . . . Fabricators . | . . . Repair Stations . | . . . Recycling Units . | . . . Scanalyzers . | . . . Garrison Access . | . . . Total Hacks 9 | . . 9 Successful 9 | . . 9 Failed . | . . . Catastrophic . | . . . Database Lockouts . | . . . Manual . | . . . Terminals . | . . . Fabricators . | . . . Repair Stations . | . . . Recycling Units . | . . . Scanalyzers . | . . . Garrison Access . | . . . Terminal Hacks 9 | . . 9 Record 8 | . . 8 Derelict Proto ID Bank 1 | . . 1 Fabricator Hacks . | . . . Repair Station Hacks . | . . . Recycling Unit Hacks . | . . . Scanalyzer . | . . . Garrison Access Hacks . | . . . Unauthorized Hacks . | . . . Terminals . | . . . Fabricators . | . . . Repair Stations . | . . . Recycling Units . | . . . Scanalyzers . | . . . Garrison Access . | . . . Data Cores Recovered . | . . . Used . | . . . Hacking Detections . | . . . Full Trace Events . | . . . Feedback Events . | . . . Feedback Blocked . | . . . Robot Schematics Acquired . | . . . Robots Built . | . . . Authchips . | . . . Time . | . . . Total Robot Build Rating . | . . . Part Schematics Acquired . | . . . Parts Built . | . . . Authchips . | . . . Time . | . . . Total Part Build Rating . | . . . Parts Repaired . | . . . Time . | . . . Parts Recycled . | . . . Recycled Matter . | . . . Retrieved Matter . | . . . Retrieved Components . | . . . Parts Scanalyzed . | . . . Part Schematics Acquired . | . . . Parts Damaged . | . . . Bothacking | -11 -10 -10 ------------ Run | Yrd Mat Sub Used RIF Installer . | . . . Robots Hacked . | . . . Non-combat . | . . . Combat . | . . . Robot Hacks Applied . | . . . Relay Couplers Released . | . . . Fabnet Peak Effective % . | . . . Robots Rewired . | . . . Allies Hacked . | . . . Hacks Repelled . | . . . Allies | -11 -10 -10 -------- Run | Yrd Mat Sub Total Allies . | . . . Largest Group . | . . . Highest-Rated Group . | . . . Highest-Rated Ally . | . . . Total Orders . | . . . Ally Attacks . | . . . Total Damage . | . . . Kills . | . . . Allies Corrupted . | . . . Allies Melted . | . . . Intel | -11 -10 -10 ------- Run | Yrd Mat Sub Robot Analysis Total . | . . . Derelict Logs Recovered 2 | . . 2 Drone Launches . | . . . Drone Recoveries . | . . . Exploration | -11 -10 -10 ------------- Run | Yrd Mat Sub Turns Passed 3165 | 98 302 2765 Spaces Moved 1617 | 41 86 1490 Core . | . . . Treads 1232 | . . 1232 Legs 201 | 41 86 74 Wheels 184 | . . 184 Hover . | . . . Flight . | . . . Fastest Speed 95 | 120 120 95 Average Speed 149 | 120 120 151 Slowest Speed 160 | 120 120 160 Overloaded Moves . | . . . Propulsion Burnouts . | . . . Robots Hopped . | . . . Cave-ins Triggered . | . . . Exploration Rate (%) 30 | 4 17 70 Regions Visited 2 Branch Regions 1 Pre-discovered Areas . | . . . Known Exits Taken . | . . . Unknown Exits Taken 2 | 1 1 . Scrap Searched 7 | . . 7 Spaces Dug . | . . . Terrain Destroyed . | . . . Melee . | . . . Projectile . | . . . AOE . | . . . Terrain Rammed . | . . . Walls Destroyed . | . . . Machines Disabled . | . . . Actions | -11 -10 -10 --------- Run | Yrd Mat Sub Total 2087 | 60 282 1745 Wait 284 | . 195 89 Move 1615 | 40 85 1490 Hop . | . . . Pick Up 11 | 3 . 8 Fast Attach 8 | 1 . 7 Attach 5 | . . 5 Detach 1 | . . 1 Swap 25 | . 1 24 Drop 18 | 1 . 17 Fire 120 | 15 1 104 Melee . | . . . Ram . | . . . Kick . | . . . Crush . | . . . Escape Stasis . | . . . Rewire . | . . . Trap . | . . . Miscellaneous . | . . . Route ------- -11/Scrapyard -10/Materials -10/Subcaves (discovered 2 exits: [*Mat] / [*Rec]) History --------- Turn | Location | Event 26 | -11/Scrapyard | Discovered new exit (range 3) 99 | -11/Scrapyard | Entered Materials 310 | -10/Materials | Build established: Mutant 379 | -10/Materials | Discovered new exit (range 7) 401 | -10/Materials | Entered Subcaves 810 | -10/Subcaves | Learned Materials stockpile data 855 | -10/Subcaves | Shifting Twisted Machinery released Barrage Gun 856 | -10/Subcaves | Shifting Twisted Machinery released Flamer 1273 | -10/Subcaves | Core integrity fell below 50% 1307 | -10/Subcaves | Lost 4 parts (1p1n2w) 1346 | -10/Subcaves | Shifting Twisted Machinery released Piercing Trap 1440 | -10/Subcaves | Shifting Twisted Machinery released Shrapnel Trap 1552 | -10/Subcaves | Disturbed a concealed Subdweller 1601 | -10/Subcaves | Discovered new exit (range 5) 2039 | -10/Subcaves | Visited 4L-MR0's lab 2057 | -10/Subcaves | Found Meta Core 2233 | -10/Subcaves | Disturbed a concealed Subdweller 2998 | -10/Subcaves | Core integrity fell below 20% 3004 | -10/Subcaves | Discovered new exit (range 11) 3166 | -10/Subcaves | Destroyed by Autobeam Turret with Autobeam Last Messages --------------- 02995_ Switching to secondary target: S-10 Pest. 02998_ S-10 Pest destroyed. 03001_ Lgt. Assault Rifle fries itself beyond repair. 03001_ Acquired 10 matter. 03004_ EXIT=FOUND 03009_ S-10 Pest destroyed. 03010_ Flight Unit fries itself beyond repair. 03012_ S-10 Pest destroyed. 03016_ Flight Unit fries itself beyond repair. 03016_ Acquired 14 matter. 03024_ Lgt. Assault Rifle fries itself beyond repair. 03026_ Lgt. Ion Engine fries itself beyond repair. 03159_ Autobeam Turret suffers critical hit (Destroy). 03159_ Destroyed Autobeam. 03163_ Autobeam Turret destroyed. Map ----- +----------------------------------------------------+ | ???????????# ####?????????????????????????????? | | ???????????## #?????????????????????????????? | | ?????????#### # ###???????????????????????????? | | ?????????# ##?????##???????????????????? | | ?????????# "" #???## ##??????????????????? | | ????????## ## "" ##### #??????????????????? | | ???????## ##?# ""##" #??????????????????? | | ???????# #?##""""" #??????????????????? | | ??????## ## "###" #?# ???????????????? | | ????### #""## "#### #??????????????? | | ##### ! ""#? #??????????????? | | # """"" """"## #??????????????? | | # ## ! """"""""""" #??????????????? | | #### """""" " #???????????????? | | ####?# " """ #????????????????? | | * ###??##""" """""" #?????????????????? | | #???##"" " """"##??????????????????? | | #????#""## " #####???????????????? | | # ##?#######" " #???????????????? | | # ## ###"#???## ##??????????????? | | ### "" #????#### #??????????????? | | ### ##??######## #??????????????? | | ### #??#""" ?## % ##??????????????? | | #### #??#" ## ###???????????????? | | #### ##?#" # #?????????????????? | | # ### #?#""t @ #?????????????????? | | # ## ##< %## #????????????????? | | # ###"" % #! #????????????????? | | ###" ###% #???????????????? | | ## ##" ???#! #???????????????? | | ###### ##""" "???? #???????????????? | | ##????## ### ########???? ##???????????????? | | ##??????####??##??????????? "#????????????????? | | ##?????????????????????????? " ????????????????? | | #????????????????????????????? ????????????????? | | ?????????????????????????????? ????????????????? | | ?????????????????????????????? ???????????????? | | ?????????????????????????????? ?????????????????? | | ????????????????????????????????????????????????? | | ????????????????????????????????????????????????? | | ????????????????????????????????????????????????? | | ????????????????????????????????????????????????? | | ????????????????????????????????????????????????? | | ????????????????????????????????????????????????? | | ????????????????????????????????????????????????? | | ????????????????????????????????????????????????? | | ????????????????????????????????????????????????? | | ????????????????????????????????????????????????? | | ????????????????????????????????????????????????? | | ????????????????????????????????????????????????? | +----------------------------------------------------+ Best States ------------- Heat Dissipation 25 Energy Generation 15 Energy Capacity 250 Matter Stores 300 Matter Capacity 300 Sight Range 21 Terrain Scan Range 16 Terrain Scan Density 10 Evasion (%) 55 Recoil Reduction 2 Item Schematics ----------------- None Robot Schematics ------------------ None Fabricated ------------ Nothing Alien Tech Used ----------------- None Achievements -------------- None Challenges ------------ None Game ------ Seed MultinovaHybridInterpreter Manual? 0 Play Time 00:25:18 Cumulative 67.6 hours Start 2024.11.20 @ 16:59:10 End 2024.11.20 @ 19:15:55 Sessions 1 Manual Loads 0 Difficulty Rogue Special Mode None Game No. 111 Rogue 111 Adventurer 0 Explorer 0 Win Type - Total 0 Types 0/0/0/0/0/0/0/0/0 Lore% 47 Gallery% 39 Achievement% 30 Wizard Run 0 Options --------- Layout 1 ASCII 0 Keyboard 0 Movement Mouse Keybinds 0 Fullscreen 1 Font 24/Smallcaps Map View 50x40 Zoom Use 12% Tactical HUD 1 Map Filters NONE Filters NONE Steam 1 RUN: 74958645-f47e-49a0-90d8-8dc43dcc97b1